 Dungeon Crawl Stone Soup version 0.27.1-4-g1640c2035a (webtiles) character file.

Game seed: 246067506165116021

77 iamoutofideas the Ducker (level 4, -4/38 HPs)
             Began as a Gnoll Gladiator on Nov 10, 2021.
             Slain by a mummy (16 damage)
             ... in an ossuary.
             The game lasted 00:01:50 (1819 turns).

iamoutofideas the Ducker (Gnoll Gladiator)          Turns: 1819, Time: 00:01:51

Health: -4/38      AC:  6    Str: 15    XL:     4   Next: 33%
Magic:  5/5        EV: 14    Int:  7    God:
Gold:   66         SH:  0    Dex: 13    Spells: 5/5 levels left

rFire    . . .     SeeInvis .   a - +0 war axe
rCold    . . .     Faith    .   (no shield)
rNeg     . . .     Spirit   .   b - +0 leather armour
rPois    .         Reflect  .   c - +0 helmet
rElec    .         Harm     .   p - +0 cloak
rCorr    .         Rampage  .   (no gloves)
Will     .....                  j - +0 pair of boots
Stlth    +.........             (no amulet)
HPRegen  0.12/turn              (no ring)
MPRegen  0.09/turn              (no ring)

@: flying, hasted, very quick
A: fangs 1, strong nose, distributed training
a: no special abilities


You were in an ossuary.
You visited 1 branch of the dungeon, and saw 4 of its levels.
You also visited: Ossuary.

You collected 66 gold pieces.

Inventory:

Hand Weapons
 a - a +0 war axe (weapon)
Missiles
 d - 4 throwing nets (quivered)
Armour
 b - a +0 leather armour (worn)
 c - a +0 helmet (worn)
 j - a +0 pair of boots (worn)
 n - a +0 ring mail
 p - a +0 cloak (worn)
 s - a +0 helmet
Magical Staves
 m - a staff of earth
Scrolls
 e - a scroll of noise {unknown}
 f - a scroll of enchant armour {unknown}
 i - a scroll of summoning {unknown}
 l - a scroll of blinking {unknown}
 o - 5 scrolls of identify {unknown}
 q - a scroll of fear {unknown}
 r - a scroll of silence {unknown}
Potions
 g - a potion of flight
 k - 3 potions of curing


   Skills:
 + Level 4.6 Fighting
 + Level 1.1 Short Blades
 + Level 1.1 Long Blades
 + Level 6.6 Axes
 + Level 1.1 Maces & Flails
 + Level 1.1 Polearms
 + Level 1.1 Staves
 + Level 1.1 Slings
 + Level 1.1 Bows
 + Level 1.1 Crossbows
 + Level 4.6 Throwing
 + Level 1.1 Armour
 + Level 6.6 Dodging
 + Level 1.1 Stealth
 + Level 1.1 Shields
 + Level 1.1 Unarmed Combat
 + Level 1.1 Spellcasting
 + Level 0.8 Conjurations
 + Level 0.8 Hexes
 + Level 0.8 Summonings
 + Level 0.8 Necromancy
 + Level 0.8 Translocations
 + Level 0.8 Transmutations
 + Level 0.8 Fire Magic
 + Level 0.8 Ice Magic
 + Level 0.8 Air Magic
 + Level 0.8 Earth Magic
 + Level 0.8 Poison Magic
 + Level 1.2 Invocations
 + Level 1.1 Evocations


You had 5 spell levels left.
You didn't know any spells.
Your spell library was empty.

Dungeon Overview and Level Annotations

Branches:
Dungeon (3/15)            Ossuary (1/1)

Altars:


Innate Abilities, Weirdness & Mutations

You have very sharp teeth.
Your uncanny sense of smell can sniff out nearby items.
Your experience applies equally to all skills.


Message History

Your library has no spells.
Unknown command.
The world spins around you as you enter the gateway.
You enter an ossuary!
Found a gate leading back out of this place.
There is an empty arch of ancient stone here.
There are monsters nearby!
The mummy hits you! x2
* * * LOW HITPOINT WARNING * * *
You are too injured to fight recklessly!
You are too injured to fight recklessly!
Unknown command.
You are too injured to fight recklessly!
You are too injured to fight recklessly!
It was a potion of flight.
You feel very buoyant.
You fly up into the air.
The mummy barely misses you.
It was a potion of haste.
You feel yourself speed up.
It was a potion of curing.
You feel better. The mummy hits you.
You barely miss the mummy. You bite the mummy, but do no damage.
You hit the mummy. You closely miss the mummy. You hit the mummy.
The mummy is moderately damaged.
You barely miss the mummy. x2; The mummy misses you.
The mummy barely misses you.
You barely miss the mummy. You bite the mummy.
The mummy is moderately damaged.
You hit the mummy. x2; The mummy misses you.
You slash the mummy!
The mummy is severely damaged.
You barely miss the mummy. You hit the mummy. The mummy hits you.
The mummy barely misses you.
You hit the mummy. Your bite misses the mummy.
The mummy is almost destroyed.
You barely miss the mummy. x2; The mummy barely misses you.
You hit the mummy but do no damage.
The mummy is almost destroyed.
You barely miss the mummy. You hit the mummy. The mummy hits you!
You die...

##+##
#...#
#.∩.#
#...#
#@M.#
##MM.##
#.....#
#.#.#.#
#######


You could see 3 mummies.

Vanquished Creatures
  Robin (D:3)
  2 worms
  3 dart slugs
  2 endoplasms
  2 giant cockroaches
  12 goblins
  5 hobgoblins
  4 jackals (D:3)
  2 quokkas (D:1)
  2 ball pythons (D:1)
  4 bats
  3 frilled lizards
  3 kobolds (D:1)
  3 rats
48 creatures vanquished.

Vanquished Creatures (others)
  4 fungi (D:6)
4 creatures vanquished.

Grand Total: 52 creatures vanquished

Notes
Turn   | Place    | Note
-------+----------+-------------------------------------------
     0 | D:1      | iamoutofideas the Gnoll Gladiator began the quest for the
                  | Orb.
     0 | D:1      | Reached XP level 1. HP: 20/20 MP: 1/1
   210 | D:1      | Reached XP level 2. HP: 25/26 MP: 2/2
   577 | D:1      | Reached XP level 3. HP: 31/31 MP: 3/3
   818 | D:2      | Found a faded altar of an unknown god.
   984 | D:2      | Reached skill level 1 in Invocations
  1472 | D:3      | Noticed Robin
  1480 | D:3      | Reached skill level 1 in Short Blades
  1480 | D:3      | Reached skill level 1 in Long Blades
  1480 | D:3      | Reached skill level 1 in Maces & Flails
  1480 | D:3      | Reached skill level 1 in Polearms
  1480 | D:3      | Reached skill level 1 in Staves
  1480 | D:3      | Reached skill level 1 in Slings
  1480 | D:3      | Reached skill level 1 in Bows
  1480 | D:3      | Reached skill level 1 in Crossbows
  1480 | D:3      | Reached skill level 1 in Armour
  1480 | D:3      | Reached skill level 1 in Stealth
  1480 | D:3      | Reached skill level 1 in Shields
  1480 | D:3      | Reached skill level 1 in Unarmed Combat
  1480 | D:3      | Reached skill level 1 in Spellcasting
  1480 | D:3      | Reached skill level 1 in Evocations
  1512 | D:3      | Reached XP level 4. HP: 24/38 MP: 5/5
  1521 | D:3      | Killed Robin
  1798 | D:3      | You fall into a shaft and drop 3 floors!
  1800 | D:6      | Found a sand-covered staircase.
  1806 | Ossuary  | Entered an ossuary
  1819 | Ossuary  | Slain by a mummy

Illustrated notes

Levels and vault maps discovered:
D:1:      dpeg_arrival_stone_temple_mockup, layout_basic
D:2:      layout_rooms, hellmonk_ecumenical_altar_arch_garden
D:3:      layout_rooms, mainiacjoe_overflow_boulevard, uniq_robin
D:6:      layout_basic, nicolae_ossuary_entry_plus, serial_aquarium,
          aquarium_bridge_square [aquarium_subvault_balcony,
          aquarium_subvault_bridge, aquarium_subvault_window,
          aquarium_subvault_wall], aquarium_window_2, aquarium_window_double,
          aquarium_window_corner, aquarium_window_fake, aquarium_view_2e,
          aquarium_view_2a, aquarium_pool_S, sigmund_edmund_badplayer
Ossuary:  ossuary_minmay_chase

Skill      XL: |  1  2  3 |
---------------+----------+-----
Invocations    | 1 |  1.2
Short Blades   | 1 |  1.1
Long Blades    | 1 |  1.1
Maces & Flails | 1 |  1.1
Polearms       | 1 |  1.1
Staves         | 1 |  1.1
Slings         | 1 |  1.1
Bows           | 1 |  1.1
Crossbows      | 1 |  1.1
Armour         | 1 |  1.1
Stealth        | 1 |  1.1
Shields        | 1 |  1.1
Unarmed Combat | 1 |  1.1
Spellcasting   | 1 |  1.1
Evocations     | 1 |  1.1
Fighting       | |  4.6
Axes           | |  6.6
Throwing       | |  4.6
Dodging        | |  6.6
Conjurations   | |  0.8
Hexes          | |  0.8
Summonings     | |  0.8
Necromancy     | |  0.8
Translocations | |  0.8
Transmutations | |  0.8
Fire Magic     | |  0.8
Ice Magic      | |  0.8
Air Magic      | |  0.8
Earth Magic    | |  0.8
Poison Magic   | |  0.8

Action                   |  1- 3 |  4- 6 || total
-------------------------+-------+-------++-------
Melee: War axe           |    93 |    17 ||   110
       Bite              |    11 |     5 ||    16
  Use: Potion            |       |     3 ||     3
Armor: Leather armour    |    40 |     3 ||    43
Dodge: Dodged            |    80 |    14 ||    94
